 Dungeon Crawl Stone Soup version 0.29-a0-723-gce39da1c22 (webtiles) character file.

Game seed: 15846267226691867300

8540 elite277 the Reanimator (level 11, 0/75 HPs)
             Began as a Human Necromancer on June 28, 2022.
             Was an Initiate of Yredelemnul.
             Slain by a bullfrog (2 damage)
             ... on level 3 of the Lair of Beasts.
             The game lasted 01:00:46 (10387 turns).

elite277 the Reanimator (Human Necromancer)        Turns: 10387, Time: 01:00:47

Health: 0/75       AC:  7    Str: 10    XL:     11   Next: 57%
Magic:  16/42      EV: 13    Int: 23    God:    Yredelemnul [......]
Gold:   573        SH:  0    Dex: 13    Spells: 14/29 levels left

rFire   + + .      SeeInvis +   I - staff of death
rCold   + . .      Faith    .   (no shield)
rNeg    + + +      Spirit   .   y - +3 leather armour of Supple Strength {*Slow rF+ rN+++ SInv}
rPois   .          Reflect  .   l - +0 helmet of Feasting {Will+ Regen+ Int+4}
rElec   .          Harm     .   H - scarf {rC+ rF+}
rCorr   .          Rampage  .   (no gloves)
Will    +....                   (no boots)
Stlth   ++........              (no amulet)
HPRegen 1.02/turn               g - ring of magical power
MPRegen 0.28/turn               v - ring of magical power

@: about to teleport, hasted, very quick
A: no striking features
a: Renounce Religion, Recall Undead Harvest


You were on level 3 of the Lair of Beasts.
You worshipped Yredelemnul.
Yredelemnul was noncommittal.
You visited 3 branches of the dungeon, and saw 12 of its levels.
You also visited: Ossuary.

You collected 786 gold pieces.
You spent 193 gold pieces at shops.
You donated 20 gold pieces to Zin.

Inventory:

Hand Weapons
 d - a +0 club
 B - a +1 glaive of venom
 D - a +3 mace
 E - a +3 halberd of venom
Missiles
 f - 33 poisoned darts
 i - 5 curare-tipped darts
 F - 3 datura-tipped darts
Armour
 e - a +2 cloak
 l - the +0 helmet of Feasting (worn) {Will+ Regen+ Int+4}
   (You acquired it on level 8 of the Dungeon)

   Int:       It affects your intelligence (+4).
   Regen:     It increases your rate of health regeneration.
   Will:      It increases your willpower.
 y - the +3 leather armour of Supple Strength (worn) {*Slow rF+ rN+++ SInv}
   (You found it on level 4 of the Dungeon)

   rF:        It protects you from fire.
   rN:        It renders you almost immune to negative energy.
   SInv:      It lets you see invisible.
   *Slow:     It may slow you when you take damage.
 H - a scarf of resistance (worn)
Magical Staves
 C - a staff of cold
 I - a staff of death (weapon)
Jewellery
 g - a ring of magical power (left hand)
 n - a ring of fire
 u - a ring of flight
 v - a ring of magical power (right hand)
Wands
 q - a wand of paralysis (27)
 A - a wand of iceblast (10)
 N - a wand of digging (8)
Scrolls
 a - 4 scrolls of immolation
 c - 2 scrolls of blinking
 j - a scroll of fog
 k - 2 scrolls of magic mapping
 m - 5 scrolls of amnesia
 w - a scroll of teleportation
 G - a scroll of enchant armour {unknown}
 K - 3 scrolls of identify
 M - a scroll of noise {unknown}
Potions
 h - a potion of flight {unknown}
 o - 2 potions of cancellation
 p - 2 potions of degeneration
 r - 6 potions of curing
 s - 2 potions of berserk rage
 t - 4 potions of lignification
 x - 2 potions of mutation {unknown}
 z - 2 potions of brilliance
 J - 3 potions of heal wounds {unknown}
 L - a potion of attraction {unknown}


   Skills:
 + Level 3.3 Fighting
 + Level 2.3(3.1) Maces & Flails
 + Level 3.3(3.9) Polearms
 + Level 3.0(4.1) Staves
 + Level 3.2 Armour
 + Level 5.0 Dodging
 + Level 3.5 Stealth
 + Level 0.1 Unarmed Combat
 + Level 9.5 Spellcasting
 + Level 10.6 Necromancy
 + Level 0.2 Air Magic
 + Level 0.2 Poison Magic
 + Level 2.2 Invocations
 + Level 2.7 Evocations


You had 14 spell levels left.
You knew the following spells:

 Your Spells              Type           Power      Damage    Failure   Level
a - Necrotize             Necr           100%       1d9       1%          1
b - Vampiric Draining     Necr           74%        2d11      1%          3
c - Animate Dead          Necr           74%        N/A       1%          4
d - Poisonous Vapours     Pois/Air       24%        N/A       11%         2
e - Agony                 Necr           74%        N/A       2%          5

Your spell library contained the following spells:

 Spells                   Type           Power      Damage    Failure   Level
 Summon Guardian Golem    Hex/Summ       11%        N/A       24%         3
 Eringya's Noxious Bog    Tmut/Pois      5%         N/A       100%        6


Dungeon Overview and Level Annotations

Branches:
Dungeon (8/15)             Temple (1/1) D:4            Lair (3/6) D:8
Ossuary (visited)
  Swamp: Lair:2-4    Shoals: Lair:2-4     Snake: Lair:2-4    Spider: Lair:2-4

Altars:
Ashenzari
Cheibriados
Dithmenos
Elyvilon
Fedhas
Gozag
Hepliaklqana
Kikubaaqudgha
Makhleb
Nemelex Xobeh
Okawaru
Qazlal
Ru
Sif Muna
Trog
Uskayaw
Wu Jian
Xom
Yredelemnul
Zin
The Shining One

Shops:
D:1 *   D:4 *

Annotations:
Lair:2 Gastronok


Message History

The seven-headed hydra bites you but does no damage.
The seven-headed hydra bites you.
The seven-headed hydra bites you but does no damage. x2
The seven-headed hydra bites you! The seven-headed hydra misses you.
The seven-headed hydra closely misses you.
Casting: Vampiric Draining (safe; 1% risk of failure)
Confirm with . or Enter, or press ? or * to list all spells.
Aiming: Vampiric Draining (safe; 1% risk of failure)
Press: ? - help, Shift-Dir - straight line, f/p - seven-headed hydra
Aim: a seven-headed hydra (severely wounded)
You feel a surge of power!
You draw life force from the seven-headed hydra.
You feel life coursing into your body. The seven-headed hydra bites you! x3
* * * LOW HITPOINT WARNING * * *
The seven-headed hydra closely misses you.
The seven-headed hydra bites you!
* * * LOW HITPOINT WARNING * * *
The seven-headed hydra bites you.
* * * LOW HITPOINT WARNING * * *
The seven-headed hydra bites you but does no damage.
Blink to where?
Press: ? - help, Dir - move target, p - seven-headed hydra 7 yaks come into view.
Found a wand of iceblast (5).
As you read the scroll of blinking, it crumbles to dust.
The yak bellows! x3; You hear a bellow! x3
A komodo dragon comes into view.
A yak comes into view. x2
The yak moves out of view.
The yak bellows!
As you read the scroll of teleportation, it crumbles to dust.
You feel strangely unstable.
A yak comes into view.
You feel yourself speed up.
The yak bellows!
The yak gores you!
* * * LOW HITPOINT WARNING * * *
A cane toad comes into view.
The bullfrog hits you.
You die...
Your body rises from the dead as a mindless zombie.

#.............##
#.....<.......##
#..............#
####D...+#....##
.........#...##
##.........P....#
####..........P....#
#.Y..F............P#
..YY..Y#@.........#...##
.Y...YY#..........#D..#
..Y....Y#.P#..P.........
...Y....
.........F....##
...l.... .......F.....##
........ .............#
/...##P# ##.#..#.......
.. ## #####.......


You could see a seven-headed hydra, 2 yaks and a bullfrog.

Vanquished Creatures
  Pikel (D:3)
  A manticore (D:8)
  Maggie (Lair:1)
  A rime drake (Lair:1)
  3 komodo dragons
  Sigmund (D:2)
  Menkaure (Ossuary)
  11 water moccasins
  Pargi (D:4)
  A sky beast (D:8)
  3 ogres
  An ice beast (D:6)
  3 wolves (Lair:1)
  3 centaurs
  2 bullfrogs (D:8)
  A gnoll sergeant (D:7)
  2 kobold brigands
  2 necrophages (D:6)
  A scorpion (D:5)
  2 howler monkeys (D:7)
  A hound (D:5)
  4 jellies
  5 iguanas
  An orc wizard (D:7)
  4 mummies
  10 gnolls
  8 adders
  A shadow imp (D:7)
  A white imp (D:7)
  An ufetubus (D:7)
  A worm (D:2)
  3 dart slugs
  10 orcs
  7 ball pythons
  4 bats
  5 endoplasms
  2 giant cockroaches
  4 gnoll zombies (Ossuary)
  4 goblins
  6 hobgoblins
  4 jackals
  7 kobolds
  4 quokkas
  3 frilled lizards
  3 gnoll skeletons (Ossuary)
  6 goblin skeletons (Ossuary)
  6 goblin zombies (Ossuary)
  6 hobgoblin skeletons (Ossuary)
  5 hobgoblin zombies (Ossuary)
  3 kobold skeletons (Ossuary)
  4 kobold zombies (Ossuary)
  4 orc skeletons (Ossuary)
  An orc zombie (Ossuary)
  3 rats (D:1)
  3 rat skeletons (Ossuary)
  5 rat zombies (Ossuary)
191 creatures vanquished.

Vanquished Creatures (collateral kills)
  A hydra (Lair:1)
  2 komodo dragons (Lair:3)
  A rime drake (Lair:1)
  A wyvern (D:8)
  An ice beast (D:5)
  A black bear (Lair:1)
  An ogre (D:5)
  6 wolves (Lair:1)
  2 centaurs
  A phantom (D:5)
  2 bullfrogs (Lair:1)
  A howler monkey (D:7)
  A hound (D:5)
  An orc wizard (D:5)
  A gnoll (D:7)
  An ufetubus (D:5)
  An endoplasm (D:2)
  A hobgoblin (D:3)
  3 jackals (D:4)
  A quokka (D:5)
  2 kobolds (D:6)
  A rat (D:3)
33 creatures vanquished.

Vanquished Creatures (others)
  A komodo dragon zombie (Lair:3)
  2 water moccasin zombies
  4 wolf zombies (Lair:1)
  A bullfrog zombie (D:8)
  2 centaur zombies (D:7)
  3 kobold zombies (D:6)
  2 adder zombies
  A spectral white imp (D:7)
  A gnoll zombie (D:7)
  A jackal zombie (D:4)
  2 orc zombies (D:7)
  A quokka zombie (D:5)
  A spectral ufetubus (D:7)
  5 fungi (Lair:1)
  10 plants
37 creatures vanquished.

Grand Total: 261 creatures vanquished

Notes
Turn   | Place    | Note
-------+----------+-------------------------------------------
     0 | D:1      | elite277 the Human Necromancer began the quest for the Orb.
     0 | D:1      | Reached XP level 1. HP: 13/13 MP: 3/3
   182 | D:1      | Reached XP level 2. HP: 19/19 MP: 3/5
   576 | D:1      | Found Berag's Assorted Antiques.
   584 | D:1      | Bought a scroll labelled OLAMIA BOVYMO for 26 gold pieces
   584 | D:1      | Bought a scroll labelled AHASOONOCS for 26 gold pieces
   670 | D:1      | Reached XP level 3. HP: 24/24 MP: 6/6
   974 | D:2      | Found a sacrificial altar of Ru.
  1049 | D:2      | Noticed Sigmund
  1066 | D:2      | Killed Sigmund
  1067 | D:2      | Reached skill level 5 in Necromancy
  1067 | D:2      | Reached XP level 4. HP: 25/30 MP: 10/10
  1067 | D:2      | Reached XP level 5. HP: 29/35 MP: 11/11
  1067 | D:2      | Reached XP level 6. HP: 35/41 MP: 11/12
  1080 | D:2      | You fall into a shaft and drop 1 floor!
  1250 | D:4      | Learned a level 3 spell: Vampiric Draining
  1257 | D:4      | Noticed Pargi
  1267 | D:4      | Killed Pargi
  1774 | D:2      | Found a faded altar of an unknown god.
  1782 | D:2      | Prayed at the altar of an unknown god.
  1782 | D:2      | Became a worshipper of Zin the Law-Giver
  1782 | D:2      | Reached * piety under Zin
  1782 | D:2      | Reached ** piety under Zin
  1847 | D:2      | Fell from the grace of Zin
  1954 | D:4      | Reached XP level 7. HP: 33/47 MP: 14/14
  2129 | D:4      | Learned a level 4 spell: Animate Dead
  2392 | D:4      | Reached skill level 6 in Necromancy
  2420 | D:4      | Noticed Pikel
  2438 | D:3      | Killed Pikel
  2439 | D:3      | Reached skill level 1 in Fighting
  2439 | D:3      | Reached skill level 5 in Spellcasting
  2439 | D:3      | Reached XP level 8. HP: 39/54 MP: 16/16
  2548 | D:4      | Got Posi's Grimoire of Enchanting Envenoming
  2552 | D:4      | Learned a level 2 spell: Poisonous Vapours
  2561 | D:4      | Found a staircase to the Ecumenical Temple.
  2624 | Temple   | Entered the Ecumenical Temple
  2770 | Temple   | Became a worshipper of Yredelemnul the Dark
  3054 | D:4      | Found Qenoosu's Assorted Antiques.
  3061 | D:4      | Bought a scroll of teleportation for 63 gold pieces
  3061 | D:4      | Bought a sedimented grey potion for 18 gold pieces
  3061 | D:4      | Bought a sedimented red potion for 18 gold pieces
  3061 | D:4      | Bought a wand of paralysis (2) for 42 gold pieces
  3086 | D:4      | Reached * piety under Yredelemnul
  3301 | D:4      | Identified the +3 leather armour of Supple Strength {*Slow
                  | rF+ rN+++ SInv}
  3936 | D:5      | Entered Level 5 of the Dungeon
  3962 | D:5      | Reached skill level 7 in Necromancy
  4156 | D:5      | Reached ** piety under Yredelemnul
  4176 | D:5      | Reached XP level 9. HP: 49/59 MP: 18/18
  4197 | D:5      | Learned a level 5 spell: Agony
  4518 | D:5      | Reached skill level 1 in Armour
  4582 | D:6      | Paralysed by the wrath of Zin for 5 turns
  4591 | D:6      | Reached skill level 8 in Necromancy
  4657 | D:6      | Paralysed by the wrath of Zin for 3 turns
  4852 | D:6      | Found a hide-covered altar of Uskayaw.
  5524 | D:6      | Reached skill level 1 in Staves
  6520 | D:7      | Found a white marble altar of Elyvilon.
  6812 | D:7      | Was forgiven by Zin
  7080 | D:8      | Found a sand-covered staircase.
  7106 | D:8      | Reached XP level 10. HP: 49/67 MP: 21/21
  7110 | Ossuary  | Entered an ossuary
  7517 | Ossuary  | Noticed Menkaure
  8014 | Ossuary  | Killed Menkaure
  8015 | Ossuary  | Reached skill level 1 in Polearms
  8381 | D:8      | Identified a scroll of acquirement
  8381 | D:8      | Acquired the +0 helmet of Feasting {Will+ Regen+ Int+4}
  8530 | D:8      | Found an opulent altar of Gozag.
  8558 | D:8      | Noticed a manticore
  8570 | D:8      | Killed a manticore
  8571 | D:8      | Reached skill level 9 in Necromancy
  8726 | D:8      | Found a staircase to the Lair.
  9032 | Lair:1   | Entered Level 1 of the Lair of Beasts
  9078 | Lair:1   | Noticed a komodo dragon
  9089 | Lair:1   | Killed a komodo dragon
  9090 | Lair:1   | Reached skill level 1 in Evocations
  9239 | Lair:1   | Noticed a five-headed hydra
  9244 | Lair:1   | Killed a five-headed hydra
  9253 | Lair:1   | Noticed a rime drake
  9259 | Lair:1   | Killed a rime drake
  9260 | Lair:1   | Reached XP level 11. HP: 59/75 MP: 23/23
  9377 | Lair:1   | Reached *** piety under Yredelemnul
  9384 | Lair:1   | Reached skill level 10 in Necromancy
  9691 | Lair:1   | Noticed Maggie
  9701 | Lair:1   | Killed Maggie
  9702 | Lair:1   | Reached skill level 1 in Invocations
 10100 | Lair:2   | Noticed Gastronok
 10176 | Lair:2   | You fall into a shaft and drop 1 floor!
 10176 | Lair:3   | Noticed an eight-headed hydra
 10200 | Lair:3   | Reached skill level 5 in Dodging
 10366 | Lair:3   | Noticed a seven-headed hydra
 10386 | Lair:3   | HP: 1/75 [yak (9)]
 10387 | Lair:3   | Slain by a bullfrog

Illustrated notes

Levels and vault maps discovered:
D:1:      scummos_arrival_checkerplants, layout_loops_ring, serial_shops, shop
D:2:      layout_rooms, shapermc_ecumenical_altar_mp_highgroup, basic_altar,
          nicolae_elevator_lobby_plus, uniq_sigmund
D:3:      layout_basic
D:4:      layout_layer_cave, temple_fountains, serial_shops, shop,
          saegor_snake_ambush, uniq_pargi, uniq_pikel
D:5:      layout_gridville, minmay_quadrilaterals
D:6:      layout_gridville, lemuel_tele_altar, kennysheep_potato
D:7:      layout_rooms, overflow_temple_1_default
D:8:      layout_basic, mainiacjoe_overflow_surrounded_room, dpeg_oklobed_lair,
          gup_ossuary_entry_pyramid
Temple:   mainiacjoe_temple_coin_purse
Lair:1:   layout_regular_city, grunt_megastairs_5, uniq_maggie
Lair:2:   layout_big_grid, dummy_spider_entry,
          eino_small_chamber_without_monster, uniq_gastronok
Lair:3:   layout_chaotic_city, elwin_shoals_entry_stream,
          chequers_serial_rivers_micro_d, hangedman_lair_generics_rect

Skill      XL: |  1  2  3  4  5  6  7  8  9 10 11 |
---------------+----------------------------------+-----
Spellcasting   | 4 5 6 7 8 9 |  9.5
Necromancy     | 5 6 7 8 9 10 | 10.6
Fighting       | 1 2 3 |  3.3
Maces & Flails | 2 |  2.3
Dodging        | 3 4 5 |  5.0
Armour         | 2 3 |  3.2
Stealth        | 3 |  3.5
Staves         | 1 2 3 |  3.0
Polearms       | 3 |  3.3
Evocations     | 2 |  2.7
Invocations    | 2 |  2.2
Unarmed Combat | |  0.1
Air Magic      | |  0.2
Poison Magic   | |  0.2

Action                   |  1- 3 |  4- 6 |  7- 9 | 10-12 || total
-------------------------+-------+-------+-------+-------++-------
Melee: Unarmed           |    13 |       |       |       ||    13
       Club              |       |    12 |    73 |       ||    85
       Punch             |       |       |     2 |     4 ||     6
       Staff             |       |       |   187 |   319 ||   506
       Halberd           |       |       |       |    36 ||    36
 Cast: Necrotize         |    58 |    46 |   126 |    52 ||   282
       Vampiric Draining |       |     6 |    11 |    46 ||    63
       Animate Dead      |       |       |     1 |       ||     1
       Poisonous Vapours |       |       |     9 |       ||     9
       Agony             |       |       |     2 |     8 ||    10
Invok: Renounce Religion |       |     1 |       |       ||     1
       Recall Undead Har |       |       |     1 |       ||     1
Evoke: Wand              |       |       |     3 |       ||     3
  Use: Potion            |     3 |       |       |     6 ||     9
       Scroll            |     1 |     1 |     1 |    20 ||    23
 Stab: Sleeping          |       |       |     1 |     1 ||     2
       Distracted        |       |       |     2 |     1 ||     3
Armor: Robe              |     5 |    10 |    24 |       ||    39
       Leather armour    |       |       |   102 |   147 ||   249
Dodge: Dodged            |    26 |    36 |   222 |   293 ||   577

Table legend: (Time is in decaauts)
 A = Elapsed time spent in this place.
 B = Non-inter-level travel time spent in this place.
 C = Inter-level travel time spent in this place.
 D = Time resting spent in this place.
 E = Time spent auto-exploring this place.
 F = Levels seen in this place.
 G = Mean time per level.
                   A        B        C        D        E       F      G
               +--------+--------+--------+--------+--------+-----+--------+
         Total |  10486 |  10313 |    173 |      0 |   5270 |  13 |  806.6 |
       Dungeon |   7697 |   7524 |    173 |      0 |   4587 |   8 |  962.1 |
        Temple |    155 |    155 |      0 |      0 |     91 |   1 |  155.0 |
          Lair |   1336 |   1336 |      0 |      0 |    592 |   3 |  445.3 |
       Ossuary |   1296 |   1296 |      0 |      0 |      0 |   1 | 1296.0 |
               +--------+--------+--------+--------+--------+-----+--------+

Top non-repeatable levels by time:
     D:4: 1916 daAuts
     D:6: 1701 daAuts
 Ossuary: 1296 daAuts
  Lair:1: 914 daAuts
     D:1: 878 daAuts
     D:7: 812 daAuts
     D:8: 721 daAuts
     D:3: 672 daAuts
     D:5: 642 daAuts
     D:2: 352 daAuts
  Lair:2: 213 daAuts
  Lair:3: 209 daAuts
  Temple: 155 daAuts
